TOP OF THE 1ST |
Vancouver Vipers batting - Pitching for Las Vegas Stars : LHP Ze-min Tong
|
Pitching: LHP Ze-min Tong
|
|
Batting: LHB Mike Williams
|
0-0: Fly out, F9 (Line Drive, 89D)
|
Batting: RHB Salvador Medine
|
0-0: Ball 1-0: Foul Ball, location: 2F 1-1: Ball 2-1: Ground out 4-3 (Groundball, 4)
|
Batting: SHB Henry Copeland
|
0-0: Ball 1-0: Foul Ball, location: 2F 1-1: Ball 2-1: Ball 3-1: Foul Ball, location: 2F 3-2: Foul Ball, location: 2F 3-2: Strikes out looking
|
Top of the 1st over - 0 run(s), 0 hit(s), 0 error(s), 0 left on base; Vancouver 0 - Las Vegas 0 |
BOTTOM OF THE 1ST |
Las Vegas Stars batting - Pitching for Vancouver Vipers : RHP Javier Toledo
|
Pitching: RHP Javier Toledo
|
|
Batting: RHB Shih-k'ai Huang
|
0-0: Foul Ball, location: 2F 0-1: Ball 1-1: Ground out 5-3 (Groundball, 56S)
|
Batting: LHB Eliot Helen
|
0-0: Ball 1-0: Foul Ball, location: 2F 1-1: Ball 2-1: Ball 3-1: Base on Balls
|
Batting: LHB Mike Mitchell
|
0-0: Grounds into double play, 1-6-3 (Groundball, 15)
|
Bottom of the 1st over - 0 run(s), 0 hit(s), 0 error(s), 0 left on base; Vancouver 0 - Las Vegas 0 |
TOP OF THE 2ND |
Vancouver Vipers batting - Pitching for Las Vegas Stars : LHP Ze-min Tong
|
Batting: LHB Javier Matos
|
0-0: Ball 1-0: Foul Ball, location: 2F 1-1: Ball 2-1: Swinging Strike 2-2: Strikes out swinging
|
Batting: RHB Axel Guimont
|
0-0: Called Strike 0-1: Foul Ball, location: 2F 0-2: Ball 1-2: Ball 2-2: Foul Ball, location: 2F 2-2: Ground out 6-3 (Groundball, 6M)
|
Batting: RHB Cristo Gilera
|
0-0: Swinging Strike 0-1: Swinging Strike 0-2: Strikes out looking
|
Top of the 2nd over - 0 run(s), 0 hit(s), 0 error(s), 0 left on base; Vancouver 0 - Las Vegas 0 |
BOTTOM OF THE 2ND |
Las Vegas Stars batting - Pitching for Vancouver Vipers : RHP Javier Toledo
|
Batting: SHB Sloan James
|
0-0: Called Strike 0-1: Ball 1-1: Fly out, F7 (Flyball, 7M)
|
Batting: RHB Xin Zhang
|
0-0: Fly out, F9 (Flyball, 89M)
|
Batting: RHB Vicente Salgado
|
0-0: SINGLE (Line Drive, 6D)
|
Batting: RHB Matthieu Vancini
|
0-0: Foul Ball, location: 2F 0-1: Called Strike 0-2: Fielders Choice at 2nd, 6-4 (Groundball, 6)
|
Bottom of the 2nd over - 0 run(s), 1 hit(s), 0 error(s), 0 left on base; Vancouver 0 - Las Vegas 0 |
TOP OF THE 3RD |
Vancouver Vipers batting - Pitching for Las Vegas Stars : LHP Ze-min Tong
|
Batting: RHB Steve Bender
|
0-0: Called Strike 0-1: Ball 1-1: Fly out, F8 (Popup, 89S)
|
Batting: RHB Dan Tyler
|
0-0: Fly out, F7 (Flyball, 78D)
|
Batting: RHB Júlio Hernández
|
0-0: Foul Ball, location: 2F 0-1: SINGLE (Line Drive, 34)
|
Batting: LHB Mike Williams
|
0-0: Foul Ball, location: 2F 0-1: Foul Ball, location: 2F 0-2: Ground out 4-3 (Groundball, 4)
|
Top of the 3rd over - 0 run(s), 1 hit(s), 0 error(s), 1 left on base; Vancouver 0 - Las Vegas 0 |
BOTTOM OF THE 3RD |
Las Vegas Stars batting - Pitching for Vancouver Vipers : RHP Javier Toledo
|
Batting: RHB Orlando García
|
0-0: SINGLE (Line Drive, 5D)
|
Batting: RHB Ryan Campbell
|
0-0: Called Strike 0-1: Swinging Strike 0-2: Ball 1-2: Foul Ball, location: 2F 1-2: Strikes out looking
|
Batting: RHB Shih-k'ai Huang
|
0-0: Called Strike 0-1: Ball 1-1: Ground out 6-3 (Groundball, 56S) Orlando García to second
|
Batting: LHB Eliot Helen
|
0-0: Foul Ball, location: 2F 0-1: Ball 1-1: Ball 2-1: Ball 3-1: Foul Ball, location: 2F 3-2: Ground out 4-3 (Groundball, 4)
|
Bottom of the 3rd over - 0 run(s), 1 hit(s), 0 error(s), 1 left on base; Vancouver 0 - Las Vegas 0 |
TOP OF THE 4TH |
Vancouver Vipers batting - Pitching for Las Vegas Stars : LHP Ze-min Tong
|
Batting: RHB Salvador Medine
|
0-0: Called Strike 0-1: Ball 1-1: Ball 2-1: TRIPLE (Flyball, 89M)
|
Batting: SHB Henry Copeland
|
0-0: Ball 1-0: Ground out 2-3 (Groundball, 23)
|
Batting: LHB Javier Matos
|
0-0: Fly out, F9 (Flyball, 9M) Runner from 3rd tags up, SCORES, no throw
|
Batting: RHB Axel Guimont
|
0-0: Ball 1-0: Fly out, F8 (Flyball, 8RXD)
|
Top of the 4th over - 1 run(s), 1 hit(s), 0 error(s), 0 left on base; Vancouver 1 - Las Vegas 0 |
BOTTOM OF THE 4TH |
Las Vegas Stars batting - Pitching for Vancouver Vipers : RHP Javier Toledo
|
Batting: LHB Mike Mitchell
|
0-0: Ball 1-0: Ground out 5-3 (Groundball, 56S)
|
Batting: SHB Sloan James
|
0-0: Ball 1-0: Ground out 1-3 (Groundball, 13)
|
Batting: RHB Xin Zhang
|
0-0: Ball 1-0: Ball 2-0: Ball 3-0: Called Strike 3-1: Base on Balls
|
Batting: RHB Vicente Salgado
|
0-0: Called Strike 0-1: Ball 1-1: Ground out 5-3 (Groundball, 56)
|
Bottom of the 4th over - 0 run(s), 0 hit(s), 0 error(s), 1 left on base; Vancouver 1 - Las Vegas 0 |
TOP OF THE 5TH |
Vancouver Vipers batting - Pitching for Las Vegas Stars : LHP Ze-min Tong
|
Batting: RHB Cristo Gilera
|
0-0: Ball 1-0: Fly out, F3 (Popup, 3F)
|
Batting: RHB Steve Bender
|
0-0: Ball 1-0: Ball 2-0: Called Strike 2-1: Called Strike 2-2: Ball 3-2: Ground out 1-3 (Groundball, 13)
|
Batting: RHB Dan Tyler
|
0-0: Ball 1-0: Foul Ball, location: 2F 1-1: Swinging Strike 1-2: Hit by Pitch
|
Batting: RHB Júlio Hernández
|
0-0: Ball 1-0: Called Strike 1-1: Called Strike 1-2: Strikes out looking
|
Top of the 5th over - 0 run(s), 0 hit(s), 0 error(s), 1 left on base; Vancouver 1 - Las Vegas 0 |
BOTTOM OF THE 5TH |
Las Vegas Stars batting - Pitching for Vancouver Vipers : RHP Javier Toledo
|
Batting: RHB Matthieu Vancini
|
0-0: Ground out 1-3 (Groundball, 13S)
|
Batting: RHB Orlando García
|
0-0: Ball 1-0: Called Strike 1-1: Ball 2-1: Foul Ball, location: 2F 2-2: Foul Ball, location: 2F 2-2: Strikes out swinging
|
Batting: RHB Ryan Campbell
|
0-0: Foul Ball, location: 2F 0-1: Ball 1-1: Called Strike 1-2: Fly out, F7 (Line Drive, 7M)
|
Bottom of the 5th over - 0 run(s), 0 hit(s), 0 error(s), 0 left on base; Vancouver 1 - Las Vegas 0 |
TOP OF THE 6TH |
Vancouver Vipers batting - Pitching for Las Vegas Stars : LHP Ze-min Tong
|
Batting: LHB Mike Williams
|
0-0: Called Strike 0-1: Foul Ball, location: 2F 0-2: Ball 1-2: Foul Ball, location: 2F 1-2: Foul Ball, location: 2F 1-2: Foul Ball, location: 2F 1-2: Ball 2-2: SINGLE (Line Drive, 56D)
|
Batting: RHB Salvador Medine
|
0-0: Ball 1-0: SINGLE (Flyball, 8RS) Mike Williams to second Runner from 2nd tries for 3rd, SAFE, no throw or cutoff
|
Batting: SHB Henry Copeland
|
0-0: Called Strike 0-1: Foul Ball, location: 2F 0-2: Ball 1-2: Ball 2-2: Foul Ball, location: 2F 2-2: Ball 3-2: Ground out 6-3 (Groundball, 6) Mike Williams scores Salvador Medine to second
|
Batting: LHB Javier Matos
|
0-0: Ball 1-0: Called Strike 1-1: Ball 2-1: Ground out 6-3 (Groundball, 6) Salvador Medine to third
|
Batting: RHB Axel Guimont
|
0-0: SINGLE (Groundball, 6MD) Salvador Medine scores
|
Batting: RHB Cristo Gilera
|
0-0: Ball 1-0: Ball 2-0: SINGLE (Line Drive, 6D) Axel Guimont to second
|
Batting: RHB Steve Bender
|
0-0: Ball 1-0: Ball 2-0: Ball 3-0: Called Strike 3-1: Fly out, F6 (Line Drive, 6)
|
Top of the 6th over - 2 run(s), 4 hit(s), 0 error(s), 2 left on base; Vancouver 3 - Las Vegas 0 |
BOTTOM OF THE 6TH |
Las Vegas Stars batting - Pitching for Vancouver Vipers : RHP Javier Toledo
|
Batting: RHB Shih-k'ai Huang
|
0-0: Ball 1-0: Ball 2-0: Foul Ball, location: 2F 2-1: Ball 3-1: Base on Balls
|
Batting: LHB Eliot Helen
|
0-0: Ball 1-0: Ball 2-0: Called Strike 2-1: Swinging Strike Shih-k'ai Huang is caught stealing 2nd base 2-2: Foul Ball, location: 2F 2-2: Foul Ball, location: 2F 2-2: Ball 3-2: Base on Balls
|
Batting: LHB Mike Mitchell
|
0-0: Ball 1-0: Ground out 3-1 (Groundball, 34) Eliot Helen to second
|
Batting: SHB Sloan James
|
0-0: Ball 1-0: Foul Ball, location: 2F 1-1: Reached on error, E4 (Groundball, 4) Eliot Helen to third
|
Batting: RHB Xin Zhang
|
0-0: Foul Ball, location: 2F 0-1: Fly out, F3 (Popup, 23)
|
Bottom of the 6th over - 0 run(s), 0 hit(s), 1 error(s), 2 left on base; Vancouver 3 - Las Vegas 0 |
TOP OF THE 7TH |
Vancouver Vipers batting - Pitching for Las Vegas Stars : LHP Ze-min Tong
|
Pitching: RHP Sugimoto Kuhabara
|
|
Batting: RHB Dan Tyler
|
0-0: Ball 1-0: Called Strike 1-1: Swinging Strike 1-2: Strikes out swinging
|
Batting: RHB Júlio Hernández
|
0-0: Ground out U3 (Groundball, 3L)
|
Batting: LHB Mike Williams
|
0-0: Ground out 3-1 (Groundball, 34S)
|
Top of the 7th over - 0 run(s), 0 hit(s), 0 error(s), 0 left on base; Vancouver 3 - Las Vegas 0 |
BOTTOM OF THE 7TH |
Las Vegas Stars batting - Pitching for Vancouver Vipers : RHP Javier Toledo
|
Batting: RHB Vicente Salgado
|
0-0: Called Strike 0-1: Ground out 4-3 (Groundball, 4)
|
Batting: RHB Matthieu Vancini
|
0-0: Swinging Strike 0-1: Ground out 6-3 (Groundball, 56)
|
Batting: RHB Orlando García
|
0-0: Bunt missed! 0-1: Ball 1-1: Ball 2-1: Ball 3-1: Called Strike 3-2: Ground out 1-3 (Groundball, 13S)
|
Bottom of the 7th over - 0 run(s), 0 hit(s), 0 error(s), 0 left on base; Vancouver 3 - Las Vegas 0 |
TOP OF THE 8TH |
Vancouver Vipers batting - Pitching for Las Vegas Stars : RHP Sugimoto Kuhabara
|
Batting: RHB Salvador Medine
|
0-0: Ball 1-0: Ball 2-0: Foul Ball, location: 2F 2-1: Ball 3-1: Foul Ball, location: 2F 3-2: Ground out 1-3 (Groundball, 15)
|
Batting: SHB Henry Copeland
|
0-0: Foul Ball, location: 2F 0-1: Foul Ball, location: 2F 0-2: Foul Ball, location: 2F 0-2: Ball 1-2: Ball 2-2: Strikes out swinging
|
Batting: LHB Javier Matos
|
0-0: Foul Ball, location: 2F 0-1: Ball 1-1: Ground out 3-1 (Groundball, 34S)
|
Top of the 8th over - 0 run(s), 0 hit(s), 0 error(s), 0 left on base; Vancouver 3 - Las Vegas 0 |
BOTTOM OF THE 8TH |
Las Vegas Stars batting - Pitching for Vancouver Vipers : RHP Javier Toledo
|
Batting: RHB Ryan Campbell
|
0-0: SINGLE (Line Drive, 56D)
|
Batting: RHB Shih-k'ai Huang
|
0-0: Ball 1-0: Called Strike 1-1: Fly out, F8 (Flyball, 8LD)
|
Batting: LHB Eliot Helen
|
0-0: Ground out 4-3 (Groundball, 4M) Ryan Campbell to second
|
Batting: LHB Mike Mitchell
|
0-0: Ball 1-0: DOUBLE (Flyball, 7LM) Ryan Campbell scores
|
Batting: SHB Sloan James
|
0-0: Ground out 4-3 (Groundball, 4)
|
Bottom of the 8th over - 1 run(s), 2 hit(s), 0 error(s), 1 left on base; Vancouver 3 - Las Vegas 1 |
TOP OF THE 9TH |
Vancouver Vipers batting - Pitching for Las Vegas Stars : RHP Sugimoto Kuhabara
|
Batting: RHB Axel Guimont
|
0-0: Called Strike 0-1: Ball 1-1: Foul Ball, location: 2F 1-2: SOLO HOME RUN (Flyball, 78XD), Distance : 427 ft
|
Batting: RHB Cristo Gilera
|
0-0: Called Strike 0-1: Ground out 6-3 (Groundball, 6)
|
Batting: RHB Steve Bender
|
0-0: Foul Ball, location: 2F 0-1: Foul Ball, location: 2F 0-2: Foul Ball, location: 2F 0-2: SINGLE (Groundball, 56S)
|
Batting: RHB Dan Tyler
|
0-0: Ball 1-0: Ground out 5-3 (Groundball, 5S) Steve Bender to second
|
Batting: RHB Júlio Hernández
|
0-0: SINGLE (Line Drive, 89M) Steve Bender to third Runner from 3rd tries for Home, SAFE, no throw or cutoff
|
Batting: LHB Mike Williams
|
0-0: SINGLE (Line Drive, 6M) Júlio Hernández to second Runner from 2nd tries for 3rd, SAFE, throw made to third
|
Batting: RHB Salvador Medine
|
0-0: Called Strike 0-1: Swinging Strike 0-2: Ball 1-2: Fly out, F9 (Flyball, 9M)
|
Top of the 9th over - 2 run(s), 4 hit(s), 0 error(s), 2 left on base; Vancouver 5 - Las Vegas 1 |
BOTTOM OF THE 9TH |
Las Vegas Stars batting - Pitching for Vancouver Vipers : RHP Javier Toledo
|
Batting: RHB Xin Zhang
|
0-0: Ball 1-0: Reached on error, E4 (Groundball, 34)
|
Batting: RHB Vicente Salgado
|
0-0: Ball 1-0: SINGLE (Groundball, 5L) Xin Zhang to second
|
Pitching: RHP Jeff Lynn
|
|
Batting: RHB Matthieu Vancini
|
0-0: Fly out, F9 (Flyball, 9M)
|
Batting: RHB Orlando García
|
0-0: Ball 1-0: Ball 2-0: Called Strike 2-1: Fielders Choice at 2nd, 1-6 (Groundball, 15) Xin Zhang to third
|
Batting: RHB Ryan Campbell
|
0-0: Foul Ball, location: 2F 0-1: Ball 1-1: Called Strike 1-2: Ground out 6-3 (Groundball, 4MS)
|
Bottom of the 9th over - 0 run(s), 1 hit(s), 1 error(s), 2 left on base; Vancouver 5 - Las Vegas 1 |
|